 Dungeon Crawl Stone Soup version 0.25.1-2-g60ff931df9 (webtiles) character file.

Game seed: 4634084922486832090

22991 Curus the Bludgeoner (level 12, -4/113 HPs)
             Began as a Minotaur Abyssal Knight on Oct 28, 2020.
             Was the Champion of Lugonu.
             Slain by a death yak (18 damage)
             ... on level 3 of the Lair of Beasts on Oct 29, 2020.
             The game lasted 01:27:32 (13242 turns).

Curus the Bludgeoner (Minotaur Abyssal Knight)     Turns: 13242, Time: 01:27:33

Health: -4/113     AC: 21    Str: 17    XL:     12   Next: 67%
Magic:  20/20      EV:  8    Int:  9    God:    Lugonu [******]
Gold:   708        SH:  0    Dex: 21    Spells: 11/11 levels left

rFire    + . .     SeeInvis .   C - +0 morningstar
rCold    + + .     Gourm    .   (no shield)
rNeg     . . .     Faith    .   y - +6 chain mail of Plasticity {rF+ rC+ Slay+3}
rPois    .         Spirit   .   (helmet restricted)
rElec    +         Reflect  .   v - +1 cloak
rCorr    .         Harm     .   A - +0 pair of gloves
MR       .....     Clarity  +   m - +0 pair of boots
Stlth    ..........             d - amulet of regeneration
HPRegen  0.68/turn              F - ring "Ofatufut" {rElec rC+}
MPRegen  0.17/turn              G - +6 ring of dexterity

@: mighty
A: retaliatory headbutt, horns 2, clarity, robust 1
a: Depart the Abyss, Bend Space, Banish, Corrupt, Enter the Abyss, Brand Weapon
With Distortion, Renounce Religion


You were on level 3 of the Lair of Beasts.
You worshipped Lugonu.
Lugonu was exalted by your worship.
You were not hungry.

You visited 2 branches of the dungeon, and saw 13 of its levels.
You visited the Abyss 1 time.
You also visited: Ice Cave.

You collected 708 gold pieces.

Inventory:

Hand Weapons
 a - a +1 mace
 g - a +1 flail
 w - the +7 mace of Yesterday {freeze, *Drain rElec Int+9}
   (You found it on level 7 of the Dungeon)

   It has been specially enchanted to freeze those struck by it, causing extra
   injury to most foes and up to half again as much damage against particularly
   susceptible opponents.
   It can also slow down cold-blooded creatures.
   It affects your intelligence (+9).
   It insulates you from electricity.
   It causes draining when unequipped.
 x - a +1 flail of protection
 C - a +0 morningstar (weapon)
Armour
 b - a +1 leather armour
 h - a +1 plate armour
 m - a +0 pair of boots (worn)
 v - a +1 cloak (worn)
 y - the +6 chain mail of Plasticity (worn) {rF+ rC+ Slay+3}
   (You found it on level 9 of the Dungeon)

   It affects your accuracy and damage with ranged weapons and melee attacks
   (+3).
   It protects you from fire.
   It protects you from cold.
 A - a +0 pair of gloves (worn)
 H - the +9 ice dragon scales of Hide-and-Seek {rPois rF- rC++ Str-5 Int-5 SInv}
   (You found it in an ice cave)

   It affects your strength (-5).
   It affects your intelligence (-5).
   It makes you vulnerable to fire.
   It greatly protects you from cold.
   It protects you from poison.
   It lets you see invisible.
Jewellery
 d - an amulet of regeneration (around neck)
 t - an uncursed amulet of faith
 E - an uncursed ring of protection from cold
 F - the ring "Ofatufut" (left hand) {rElec rC+}
   (You found it on level 1 of the Lair of Beasts)

   [ring of protection from cold]

   It protects you from cold.
   It insulates you from electricity.
 G - a +6 ring of dexterity (right hand)
Wands
 f - a wand of acid (7)
 i - a wand of random effects (55)
 n - a wand of flame (40)
 s - a wand of iceblast (8)
 u - a wand of paralysis (2)
Scrolls
 j - 2 scrolls of teleportation
 k - 4 scrolls of identify
 l - 5 scrolls of blinking
 o - 4 scrolls of remove curse
 p - 2 scrolls of fog
 r - a scroll of amnesia
Potions
 e - 6 potions of curing
 q - a potion of flight
 z - 2 potions of might
 B - a potion of brilliance
 D - 2 potions of haste
 J - a potion of heal wounds
Comestibles
 c - 21 rations
 I - 2 chunks of flesh


   Skills:
 - Level 8.4 Fighting
 + Level 15.7 Maces & Flails
 - Level 7.9 Armour
 - Level 1.1 Dodging
 + Level 12.2 Invocations
 + Level 6.1 Evocations


You had 11 spell levels left.
You didn't know any spells.
Your spell library contained the following spells:

 Spells                   Type           Power        Failure   Level  Hunger
 Animate Skeleton         Necr           N/A          99%         1    ##.....
 Apportation              Tloc           #.....       99%         1    ##.....
 Corona                   Hex            #......      99%         1    ##.....
 Magic Dart               Conj           #...         99%         1    ##.....
 Summon Small Mammal      Summ           #...         99%         1    ##.....
 Blink                    Tloc           N/A          100%        2    ###....
 Call Imp                 Summ           #.......     100%        2    ###....
 Poisonous Vapours        Pois/Air       #.....       100%        2    ###....
 Slow                     Hex            #.......     100%        2    ###....
 Conjure Flame            Conj/Fire      #.......     100%        3    ####...
 Mephitic Cloud           Conj/Pois/Air  #.......     100%        3    ####...
 Freezing Cloud           Conj/Ice/Air   #.........   100%        6    #######
 Ring of Flames           Chrm/Fire      #.........   100%        7    #######


Dungeon Overview and Level Annotations

Branches:
Dungeon (10/15)            Temple (0/1) D:6            Lair (3/6) D:10
 Shoals (0/4) Lair:3          Orc (0/2) D:10          IceCv (visited)
  Snake: Lair:2-4    Spider: Lair:2-4

Altars:
Elyvilon
Hepliaklqana
Nemelex Xobeh
Okawaru
Trog
Wu Jian
Xom
Beogh

Annotations:
D:6 3 runed translucent doors, Name63's ghost, novice GnWz


Innate Abilities, Weirdness & Mutations

You reflexively headbutt those who attack you in melee.
You have a pair of horns on your head.
You possess an exceptional clarity of mind.
You are robust. (+10% HP)


Message History

The death yak is moderately wounded.
The death yak gores something!
You hit the death yak. You headbutt the death yak!
The death yak is heavily wounded.
The death yak gores you!!
* * * LOW HITPOINT WARNING * * *
You hit the death yak. You headbutt the death yak.
The death yak is heavily wounded.
The death yak gores you.
* * * LOW HITPOINT WARNING * * *
You hit the death yak. You headbutt the death yak!
The death yak is severely wounded.
You puncture the death yak! You headbutt the death yak!
You kill the death yak!
Lugonu accepts your kill.
Your Evocations skill increases to level 6!
You puncture the death yak!
The death yak is lightly wounded.
The death yak gores you!!
You die...

##..## #Y.#
##..# #P..##
#####...#
####.P##...#
#.....Y...##
###..#Y...#
#..@#####
###..P##
.####.P....#####
...............#
................
##.....##.#P#.#
###..>.##### #
##....# #..###
....


You could see 2 death yaks.

Vanquished Creatures
  Harold (D:7)
  A centaur warrior (D:10)
  4 death yaks (Lair:3)
  A two-headed ogre (D:10)
  Pikel (D:7)
  2 ugly things (IceCv)
  A manticore (Lair:3)
  3 ice statues (IceCv)
  Joseph (D:7)
  A black mamba (Lair:2)
  3 spiny frogs (Lair:2)
  A troll (D:8)
  A polar bear (Lair:2)
  4 slime creatures (D:9)
  5 blink frogs (Lair:3)
  7 hippogriffs
  Sigmund (D:4)
  A wyvern (D:9)
  3 yaks (Lair:3)
  A hungry ghost (D:7)
  A basilisk (Lair:2)
  6 water moccasins
  5 porcupines
  5 orc warriors
  Duvessa (D:4)
  2 slaves (D:7)
  6 black bears
  2 sky beasts
  10 ice beasts
  2 necrophages
  2 phantoms
  6 ogres
  10 wolves
  6 centaurs
  6 crocodiles
  3 big kobolds
  A water moccasin zombie (D:8)
  7 bullfrogs
  A gnoll sergeant (D:7)
  Dowan (D:4)
  3 scorpions
  11 killer bees
  11 wights
  A howler monkey (D:9)
  An electric eel (Lair:2)
  2 centaur zombies
  3 crimson imps
  Crazy Yiuf (D:7)
  6 hounds
  6 orc wizards
  11 orc priests
  A jelly (D:8)
  A bullfrog skeleton (D:5)
  7 worker ants
  A killer bee zombie (D:9)
  8 gnolls
  10 adders
  12 white imps (Lair:2)
  2 oozes
  2 adder skeletons
  2 worms
  3 dart slugs
  8 leopard geckos
  46 orcs
  5 giant cockroaches
  6 goblins
  A hobgoblin (D:3)
  24 jackals
  6 quokkas
  4 bats
  8 frilled lizards
  22 kobolds
  A quokka skeleton (D:10)
  6 rats
368 creatures vanquished.

Vanquished Creatures (others)
  A two-headed ogre (D:8)
  A slave (D:7)
  A centaur (D:7)
  A bush (Lair:3)
  4 fungi
  4 plants (Lair:3)
12 creatures vanquished.

Grand Total: 380 creatures vanquished

Notes
Turn   | Place    | Note
-------+----------+-------------------------------------------
     0 | Abyss:1  | Curus the Minotaur Abyssal Knight began the quest for the
                  | Orb.
     0 | Abyss:1  | Reached XP level 1. HP: 19/19 MP: 1/1
    24 | D:1      | Escaped the Abyss
   252 | D:1      | Reached skill level 3 in Maces & Flails
   252 | D:1      | Reached XP level 2. HP: 14/26 MP: 2/2
   649 | D:1      | Reached XP level 3. HP: 31/31 MP: 2/4
  1154 | D:2      | Reached ** piety under Lugonu
  1337 | D:2      | Found a bloodstained altar of Trog.
  1407 | D:2      | Gained mutation: You possess an exceptional clarity of
                  | mind. [potion of mutation]
  1407 | D:2      | Gained mutation: You are robust. (+10% HP) [potion of
                  | mutation]
  1425 | D:2      | Found an iron altar of Okawaru.
  1474 | D:2      | Reached skill level 4 in Maces & Flails
  1488 | D:2      | Reached XP level 4. HP: 42/42 MP: 5/5
  2064 | D:3      | Reached XP level 5. HP: 19/49 MP: 6/6
  2119 | D:3      | Found an ornate altar of the Wu Jian Council.
  2150 | D:3      | Reached skill level 5 in Maces & Flails
  2365 | D:3      | Reached *** piety under Lugonu
  2376 | D:3      | Noticed an ogre
  2384 | D:3      | Killed an ogre
  2384 | D:3      | Reached XP level 6. HP: 25/56 MP: 8/8
  2789 | D:4      | Noticed a sky beast
  2805 | D:4      | Killed a sky beast
  2805 | D:4      | Reached skill level 6 in Maces & Flails
  2863 | D:4      | Reached skill level 5 in Invocations
  3047 | D:4      | Reached XP level 7. HP: 49/62 MP: 8/10
  3231 | D:4      | Noticed Sigmund
  3238 | D:4      | Reached skill level 7 in Maces & Flails
  3267 | D:4      | Killed Sigmund
  3440 | D:4      | Reached skill level 8 in Maces & Flails
  3606 | D:4      | Noticed Duvessa
  3606 | D:4      | Noticed Dowan
  3614 | D:4      | Killed Duvessa
  3614 | D:4      | Reached XP level 8. HP: 63/70 MP: 10/12
  3618 | D:4      | Killed Dowan
  3809 | D:5      | Entered Level 5 of the Dungeon
  4063 | D:5      | Found a shimmering altar of Xom.
  4286 | D:5      | Reached skill level 9 in Maces & Flails
  4513 | D:6      | Reached **** piety under Lugonu
  4668 | D:6      | Found a staircase to the Ecumenical Temple.
  5253 | D:6      | Reached skill level 10 in Maces & Flails
  5416 | D:6      | Found a runed translucent gate.
  5416 | D:6      | Found a runed translucent gate.
  5416 | D:6      | Found a runed translucent gate.
  5417 | D:6      | Noticed Name63's ghost (novice GnWz)
  5570 | D:7      | Reached XP level 9. HP: 45/77 MP: 14/14
  5664 | D:7      | Noticed Joseph
  5683 | D:7      | Killed Joseph
  5923 | D:7      | Reached skill level 11 in Maces & Flails
  5995 | D:7      | Noticed Pikel
  6005 | D:7      | Killed Pikel
  6195 | D:7      | Reached skill level 12 in Maces & Flails
  6528 | D:7      | Found a runed translucent door.
  6529 | D:7      | Noticed Crazy Yiuf
  6691 | D:7      | Noticed Harold
  6716 | D:7      | Paralysed by Harold for 3 turns
  6721 | D:7      | Killed Harold
  6721 | D:7      | Reached XP level 10. HP: 65/84 MP: 16/16
  6854 | D:7      | Killed Crazy Yiuf
  6864 | D:7      | Got a masterwork mace
  6912 | D:7      | Identified the +7 mace of Yesterday {freeze, *Drain rElec
                  | Int+9} (You found it on level 7 of the Dungeon)
  6940 | D:8      | Reached skill level 13 in Maces & Flails
  6950 | D:8      | Noticed a two-headed ogre
  6959 | D:8      | HP: 3/84 [two-headed ogre/cursed -1 giant club (14)]
  6968 | D:8      | Banished a two-headed ogre
  6968 | D:8      | Reached skill level 10 in Invocations
  7827 | D:8      | Found a white marble altar of Elyvilon.
  8040 | D:9      | Reached skill level 14 in Maces & Flails
  8361 | D:8      | Reached ***** piety under Lugonu
  8362 | D:8      | Reached skill level 5 in Fighting
  8595 | D:9      | Got an ichor-stained chain mail
  8710 | D:9      | Reached skill level 5 in Armour
  8851 | D:9      | HP: 2/91 [slime creature (15)]
  9049 | D:8      | Identified the +6 chain mail of Plasticity {rF+ rC+ Slay+3}
                  | (You found it on level 9 of the Dungeon)
  9080 | D:9      | Reached XP level 11. HP: 78/97 MP: 17/17
  9401 | D:10     | Entered Level 10 of the Dungeon
  9401 | D:10     | Found a sparkling altar of Nemelex Xobeh.
  9478 | D:10     | Noticed a centaur warrior
  9494 | D:10     | Killed a centaur warrior
  9648 | D:10     | Found a roughly hewn altar of Beogh.
  9806 | D:10     | Noticed a two-headed ogre
  9817 | D:10     | Killed a two-headed ogre
  9839 | D:10     | Found a staircase to the Orcish Mines.
  9889 | D:10     | Found a roughly hewn altar of Beogh.
 10228 | D:10     | Found a staircase to the Lair.
 10231 | Lair:1   | Entered Level 1 of the Lair of Beasts
 10484 | Lair:1   | Reached skill level 1 in Evocations
 10918 | Lair:1   | Got a heavily runed amber ring
 10919 | Lair:1   | Identified the ring "Ofatufut" {rElec rC+} (You found it on
                  | level 1 of the Lair of Beasts)
 11300 | Lair:2   | Noticed a five-headed hydra
 11308 | Lair:2   | Banished a five-headed hydra
 11544 | Lair:2   | Found a frozen archway.
 11607 | IceCv    | Entered an ice cave
 11641 | IceCv    | Noticed a white ugly thing
 11654 | IceCv    | Killed a white ugly thing
 11665 | IceCv    | Noticed a white ugly thing
 11785 | IceCv    | Reached XP level 12. HP: 86/113 MP: 19/19
 11850 | IceCv    | Got polished ice dragon scales
 11880 | IceCv    | Identified the +9 ice dragon scales of Hide-and-Seek {rPois
                  | rF- rC++ Str-5 Int-5 SInv} (You found it in an ice cave)
 12096 | Lair:2   | Reached ****** piety under Lugonu
 12147 | Lair:2   | Reached skill level 15 in Maces & Flails
 12465 | Lair:2   | Found a hazy altar of Hepliaklqana.
 12895 | Lair:3   | Reached skill level 5 in Evocations
 13049 | Lair:3   | Found a staircase to the Shoals.
 13186 | Lair:3   | Noticed a death yak
 13187 | Lair:3   | Noticed a death yak
 13191 | Lair:3   | Noticed a death yak
 13193 | Lair:3   | Noticed a death yak
 13195 | Lair:3   | Noticed a death yak
 13197 | Lair:3   | Noticed a death yak
 13226 | Lair:3   | Killed a death yak
 13233 | Lair:3   | Killed a death yak
 13235 | Lair:3   | Killed a death yak
 13241 | Lair:3   | Killed a death yak
 13242 | Lair:3   | Slain by a death yak

Illustrated notes

Levels and vault maps discovered:
D:1:      lightli_arrival_boilingwater, layout_loops_ring, serial_park_tiny_2
D:2:      layout_loops_ring, nicolae_overflow_hidden_temple, old_standard_altar,
          first_ration, serial_bayou_pond_c
D:3:      layout_basic, lemuel_doored_altar, kennysheep_generic_room_2
D:4:      layout_loops_corners, uniq_duvessa, uniq_sigmund
D:5:      layout_loops_cross, grunt_decor_clamped, xom_teletrap_fun
D:6:      layout_loops_corners, minmay_temple_entry_tees,
          gammafunk_ghost_necromancy
D:7:      layout_loops_ring, minivault_11, uniq_pikel, uniq_harold,
          uniq_crazy_yiuf_cottage, uniq_joseph
D:8:      layout_loops_cross, elyvilon_altar_5
D:9:      layout_loops_ring
D:10:     layout_cave_pools, lair_entry_dummy, minmay_orc_entry_temple_small,
          special_room [special_room_orc], basic_altar
Lair:1:   layout_small_grid, grunt_megastairs_3
Lair:2:   wad_woods_stonehenge, layout_hall_layers, portal_ice_cave_entry_imps,
          serial_bayou, serial_bayou_lake_a, serial_bayou_lagoon_b,
          serial_bayou_pond_c, serial_bayou_pond_b, serial_bayou_crossing,
          beast_lair_carwin_2
Lair:3:   layout_small_grid, minmay_shoals_entry_beasts,
          minmay_lair_oklob_chamber

Skill      XL: |  1  2  3  4  5  6  7  8  9 10 11 12 |
---------------+-------------------------------------+-----
Invocations    | 2 3 4 5 6 8 9 10 11 12 | 12.2
Maces & Flails | 3 4 5 6 8 10 12 14 15 | 15.7
Fighting       | 6 8 |  8.4
Armour         | 5 7 |  7.9
Evocations     | 3 6 |  6.1
Dodging        | |  1.1

Action                   |  1- 3 |  4- 6 |  7- 9 | 10-12 || total
-------------------------+-------+-------+-------+-------++-------
Melee: Mace              |    71 |    82 |       |       ||   153
       Headbutt          |     5 |    27 |    73 |   196 ||   301
       Flail             |       |    77 |   378 |   501 ||   956
       Morningstar       |       |       |       |   390 ||   390
Invok: Banish            |       |       |       |     3 ||     3
       Bend Space        |       |       |       |     1 ||     1
Evoke: Wand              |       |       |     4 |       ||     4
  Use: Potion            |     8 |     1 |     6 |     2 ||    17
       Scroll            |     6 |     4 |     2 |     8 ||    20
 Stab: Distracted        |       |       |       |     1 ||     1
  Eat: Chunk             |     2 |     5 |    11 |    19 ||    37
       Ration            |       |       |     3 |     1 ||     4
Armor: Leather armour    |     3 |       |       |       ||     3
       Plate armour      |    29 |   132 |   230 |   212 ||   603
       Chain mail        |       |       |       |   486 ||   486
Dodge: Dodged            |    24 |    54 |    75 |   319 ||   472
